 Dungeon Crawl Stone Soup version 0.21.1-1-g345015f (webtiles) character file.

44 tyranidshit the Skirmisher (level 3, -3/31 HPs)
             Began as a Demonspawn Abyssal Knight on July 26, 2018.
             Was a Follower of Lugonu.
             Slain by a gnoll
             ... wielding a +0 spear
              (5 damage)
             ... on level 2 of the Dungeon.
             The game lasted 00:02:20 (966 turns).

tyranidshit the Skirmisher (DsAK)                    Turns: 966, Time: 00:02:21

Health: -3/31      AC:  5    Str: 13    XL:     3   Next: 39%
Magic:  4/4        EV: 11    Int: 13    God:    Lugonu [*.....]
Gold:   55         SH:  0    Dex: 12    Spells: 2/2 levels left

rFire    . . .     SeeInvis .   a - +1 hand axe
rCold    . . .     Gourm    .   (no shield)
rNeg     . . .     Faith    .   b - +0 leather armour
rPois    .         Spirit   .   (no helmet)
rElec    .         Reflect  .   (no cloak)
rCorr    .         Harm     .   (no gloves)
MR       .....                  (no boots)
Stlth    +.........             (no amulet)
HPRegen  0.10/turn              (no ring)
MPRegen  0.09/turn              (no ring)

@: no status effects
A: iridescent scales 1, demonic guardian 1
a: Depart the Abyss, Renounce Religion


You were on level 2 of the Dungeon.
You worshipped Lugonu.
Lugonu was aware of your devotion.
You were not hungry.

You visited 1 branch of the dungeon, and saw 2 of its levels.
You visited the Abyss 1 time.

You collected 55 gold pieces.

Inventory:

Hand Weapons
 a - a +1 hand axe (weapon)
Armour
 b - a +0 leather armour (worn)
Scrolls
 d - 2 scrolls of identify
 f - 2 scrolls of teleportation
 h - 2 scrolls of remove curse
Comestibles
 c - 2 rations


   Skills:
 + Level 4.5 Fighting
 - Level 1.7 Axes
 - Level 1.7 Armour
 - Level 0.8 Dodging
 - Level 2.4 Invocations


You had 2 spell levels left.
You didn't know any spells.

Dungeon Overview and Level Annotations

Branches:
Dungeon (2/15)

Altars:


Innate Abilities, Weirdness & Mutations

You are partially covered in iridescent scales. (AC +2)
A weak demonic guardian rushes to your aid.


Message History

The gnoll closely misses you.
You hit the gnoll but do no damage.
The gnoll is heavily wounded.
Your quasit closely misses the gnoll.
Your quasit claws the gnoll but does no damage. x2
The gnoll misses your quasit. The gnoll hits you.
The gnoll hits you from afar with a spear!
* * * LOW HITPOINT WARNING * * *
Your quasit bites the gnoll.
Your quasit completely misses the gnoll.
Your quasit closely misses the gnoll.
The gnoll hits your quasit. The gnoll hits you.
* * * LOW HITPOINT WARNING * * *
The hobgoblin closely misses your quasit.
Unknown command.
Your quasit closely misses the gnoll. x2; Your quasit claws the gnoll.
The gnoll dies!
Lugonu accepts your kill.
The gnoll hits you from afar with a spear.
You die...

#... #.###
.... #.#..
#.... #<#.#
#.... ..#.#
#.....#.#.#
......#.#.#
........#@#
.>.....†5g#
.......g#g#
........'.#
...)....###
...)..###
......
......
#####.


You could see 2 gnolls, a hobgoblin and a friendly quasit.

Vanquished Creatures
  A gnoll (D:1)
  An ooze (D:1)
  2 leopard geckos (D:1)
  2 goblins (D:1)
  A hobgoblin (D:1)
  2 jackals (D:1)
  3 kobolds (D:1)
  2 bats (D:1)
  5 rats (D:1)
19 creatures vanquished.

Vanquished Creatures (collateral kills)
  2 gnolls (D:2)
2 creatures vanquished.

Grand Total: 21 creatures vanquished

Notes
Turn   | Place    | Note
-------+----------+-------------------------------------------
     0 | Abyss:1  | tyranidshit the Demonspawn Abyssal Knight began the quest for the Orb.
     0 | Abyss:1  | Reached XP level 1. HP: 18/18 MP: 2/2
   122 | Abyss:1  | Noticed an ancient zyme
   139 | D:1      | Escaped the Abyss
   407 | D:1      | Gained mutation: You are partially covered in iridescent scales. (AC +2) [demonic ancestry]
   407 | D:1      | Reached XP level 2. HP: 14/24 MP: 3/3
   625 | D:1      | Reached skill level 4 in Fighting
   721 | D:1      | Reached * piety under Lugonu
   721 | D:1      | Gained mutation: A weak demonic guardian rushes to your aid. [demonic ancestry]
   721 | D:1      | Reached XP level 3. HP: 15/30 MP: 4/4
   966 | D:2      | Slain by a gnoll

Skill      XL: |  1  2 |
---------------+-------+-----
Fighting       | 4 |  4.5
Axes           | |  1.7
Armour         | |  1.7
Dodging        | |  0.8
Invocations    | |  2.4

Action                   || total
-------------------------++-------
Melee: Hand axe          ||    64
Invok: Depart the Abyss  ||     1
  Use: Scroll            ||     5
       Potion            ||     5
Armor: Leather armour    ||    28
Dodge: Dodged            ||    52
